 Dungeon Crawl Stone Soup version 0.18.1-48-g4cf74bf (webtiles) character file.

200 Alarkh the Shooter (level 5, -2/38 HPs)
             Began as a Mummy Hunter on Aug 14, 2016.
             Was a Follower of Okawaru.
             Slain by an orc
             ... wielding a +0 flail
              (8 damage)
             ... on level 3 of the Dungeon.
             The game lasted 00:03:48 (2618 turns).

Alarkh the Shooter (Mummy Hunter)                   Turns: 2618, Time: 00:03:48

Health: -2/38      AC:  3    Str: 16    XL:     5   Next: 49%
Magic:  3/5        EV: 14    Int: 11    God:    Okawaru [*.....]
Gold:   207        SH:  0    Dex: 12    Spells: 0 memorised, 4 levels left

rFire  x . .     SeeInvis .     a - +1 shortbow
rCold  + . .     Gourm    .     c - +0 leather armour
rNeg   + + +     Faith    .     (shield currently unavailable)
rPois  ∞         Spirit   .     (no helmet)
rElec  .         Dismiss  .     (no cloak)
rCorr  +         Reflect  .     (no gloves)
SustAt .         Harm     .     (no boots)
MR     .....                    f - amulet of regeneration
Stlth  +++.......               p - ring of wizardry
                                e - ring of resist corrosion

@: heroism, not resistant to hostile enchantments, fairly stealthy
A: no food or potions, fire vulnerability, cold resistance 1, negative energy
resistance 3, torment resistance, unbreathing
a: Heroism, Renounce Religion


You were on level 3 of the Dungeon.
You worshipped Okawaru.
Okawaru was aware of your devotion.
You were not hungry.

You visited 1 branch of the dungeon, and saw 3 of its levels.

You collected 207 gold pieces.

Inventory:

Hand Weapons
 a - a +1 shortbow (weapon)
 b - a +0 short sword
Missiles
 d - 30 arrows (quivered)
Armour
 c - a +0 leather armour (worn)
Jewellery
 e - a ring of resist corrosion (left hand)
 f - an amulet of regeneration (around neck)
 p - a ring of wizardry (right hand)
Scrolls
 g - a scroll of identify
 i - 5 scrolls of teleportation
 j - a scroll of fear
 l - a scroll of random uselessness {unknown}
 m - a scroll of noise {unknown}
 o - a scroll of recharging {unknown}


   Skills:
 - Level 2.0(7.0) Fighting
 + Level 5.6(10.6) Bows
 - Level 1.5(6.5) Dodging
 - Level 0.7(5.7) Stealth


You had 4 spell levels left.
You didn't know any spells.

Dungeon Overview and Level Annotations

Branches:
Dungeon (3/15)

Altars:
Gozag
Okawaru
The Shining One


Innate Abilities, Weirdness & Mutations

You do not eat or drink.
Your flesh is vulnerable to fire.
You are immune to poison.
Your flesh is cold resistant.
You are immune to negative energy.
You are immune to unholy pain and torment.
You can survive without breathing.


Message History

The orc misses you. The orc barely misses you. x2
Firing (i - inventory):
d - 32 arrows (quivered)
Press: ? - help, Shift-Dir - straight line, f/p - orc priest
Aim: an orc priest, wielding a mace and wearing a leather armour (almost dead)
You shoot an arrow. The arrow hits the orc!
You kill the orc!
Okawaru accepts your kill. The orc hits you with a flail!
The orc hits you with a mace!
Firing (i - inventory):
d - 31 arrows (quivered)
Press: ? - help, Shift-Dir - straight line, f/p - orc priest
Aim: an orc priest, wielding a mace and wearing a leather armour (almost dead)
You shoot an arrow.
The arrow closely misses the orc priest.
The arrow hits the kobold!
You kill the kobold!
Okawaru accepts your kill. The orc barely misses you.
The orc priest hits you with a mace!
* * * LOW HITPOINT WARNING * * *
The orc hits you with a flail!
You die...

################### ##
...(#.....(.#.....## ...
(...#.......)......## ....
....#########.......# .....
.....#))........oo..#......
(...)(.)........@o(((......
....(#...........o..#......
....#########.....(.# .....
..([#....)..'......## ....
....#.......#.....## ...
#''###########################
.....≈≈≈≈≈≈≈≈≈≈≈≈≈≈≈≈≈≈≈≈≈≈≈≈####
....≈≈≈≈≈≈≈≈≈≈≈≈≈≈≈≈≈≈≈≈≈≈≈≈≈≈≈≈≈
....(≈≈≈≈≈≈≈≈≈≈≈≈≈≈≈≈≈≈≈≈≈≈≈≈≈≈≈≈


You could see an orc priest and 3 orcs.

Vanquished Creatures
  A big kobold (D:3)
  An orc priest (D:2)
  An adder (D:2)
  A worm (D:2)
  3 dart slugs
  6 giant geckos
  6 orcs (D:3)
  8 bats
  2 giant cockroaches (D:2)
  8 goblins
  9 hobgoblins
  2 quokkas
  4 giant newts
  18 kobolds
  6 rats
76 creatures vanquished.

Notes
Turn   | Place    | Note
--------------------------------------------------------------
     0 | D:1      | Alarkh the Mummy Hunter began the quest for the Orb.
     0 | D:1      | Reached XP level 1. HP: 16/16 MP: 1/1
   205 | D:1      | Reached XP level 2. HP: 22/22 MP: 2/2
  1070 | D:2      | Reached skill level 4 in Bows
  1141 | D:2      | Reached XP level 3. HP: 25/27 MP: 3/3
  1425 | D:2      | Found a glowing golden altar of the Shining One.
  1517 | D:2      | Found an opulent altar of Gozag.
  1728 | D:2      | Reached XP level 4. HP: 26/33 MP: 4/4
  1773 | D:3      | Found a faded altar to an unknown god.
  1791 | D:3      | Became a worshipper of Warmaster Okawaru
  1791 | D:3      | Reached * piety under Okawaru
  1813 | D:3      | Reached skill level 5 in Bows
  2168 | D:3      | Found an opulent altar of Gozag.
  2414 | D:3      | Noticed a big kobold
  2436 | D:3      | Killed a big kobold
  2436 | D:3      | Reached XP level 5. HP: 24/38 MP: 5/5
  2618 | D:3      | Slain by an orc

Skill      XL: |  1  2  3  4 |
---------------+-------------+-----
Bows           | 4 5 |  5.6
Fighting       | |  2.0
Dodging        | |  1.5
Stealth        | |  0.7

Action                   |  1- 3 |  4- 6 || total
-------------------------+-------+-------++-------
Melee: Short sword       |   163 |    49 ||   212
 Fire: Shortbow          |    20 |    84 ||   104
Invok: Heroism           |       |     1 ||     1
  Use: Scroll            |     1 |     3 ||     4
 Stab: Sleeping          |     2 |       ||     2
Armor: Leather armour    |    47 |    33 ||    80
Dodge: Dodged            |   124 |    86 ||   210
